 Dungeon Crawl Stone Soup version 0.30-a0-719-gcc4359ea44 (webtiles) character file.

Game seed: 14958507820191769065

2 sircluck the Slasher (level 1, -4/18 HPs)
             Began as a Human Berserker on Jan 26, 2023.
             Was a Follower of Trog.
             Frozen to death by an endoplasm (5 damage)
             ... on level 1 of the Dungeon.
             The game lasted 00:00:20 (86 turns).

sircluck the Slasher (Human Berserker)                Turns: 86, Time: 00:00:20

Health: -4/18      AC:  2    Str: 17    XL:     1   Next: 44%
Magic:  1/1        EV: 12    Int:  7    God:    Trog [*.....]
Gold:   0          SH:  0    Dex: 12    Spells: 0/0 levels left

rFire   . . .      SeeInvis .    a - +0 falchion
rCold   . . .      Faith    .    (no shield)
rNeg    . . .      Spirit   .    b - +0 animal skin
rPois   .          Reflect  .    (no helmet)
rElec   .          Harm     .    (no cloak)
rCorr   .          Rampage  .    (no gloves)
Will    .....                    (no boots)
Stlth   +                        (no amulet)
HPRegen 0.23/turn                (no ring)
MPRegen 0.07/turn                (no ring)

@: no status effects
A: no striking features
a: Renounce Religion, Berserk


You were on level 1 of the Dungeon.
You worshipped Trog.
Trog was aware of your devotion.
You visited 1 branch of the dungeon, and saw 1 of its levels.

Inventory:

Hand Weapons
 a - a +0 falchion (weapon)
Armour
 b - a +0 animal skin (worn)
Scrolls
 c - a scroll of brand weapon {unknown}
 d - a scroll of teleportation {unknown}
Potions
 e - a potion of berserk rage {unknown}


   Skills:
 + Level 3.0 Fighting
 + Level 3.0 Long Blades
 + Level 2.0 Armour
 + Level 2.0 Dodging


You couldn't memorise any spells.
You didn't know any spells.
Your spell library was empty.

Dungeon Overview and Level Annotations

Branches:
Dungeon (1/15)

Altars:


Message History

There are no items here.
You enter the shallow water.
Moving in this stuff is going to be slow.
Found a bubbling golden potion.
Found 9 gold pieces.
d - a scroll labelled BAEMARR OTOGI A quokka comes into view.
Found a stone staircase leading down.
e - a bubbling golden potion A kobold comes into view.
It is wielding a +0 dagger.
The kobold shouts!
An endoplasm comes into view.
A kobold comes into view. It is wielding a +0 whip.
The endoplasm quivers.
The kobold shouts!
The quokka closely misses you.
The quokka bites you but does no damage.
You hit the quokka.
You kill the quokka!
Trog accepts your kill. The kobold hits you but does no damage.
The endoplasm closely misses you.
You hit the kobold.
The kobold is heavily wounded.
The kobold hits you with a +0 dagger. The endoplasm freezes you.
You are frozen.
You closely miss the kobold.
The kobold is heavily wounded.
The kobold hits you with a +0 dagger.
The endoplasm hits you but does no damage.
The kobold hits you with a +0 whip.
* * * LOW HITPOINT WARNING * * *
You hit the kobold but do no damage.
The kobold is heavily wounded.
The kobold hits you with a +0 whip.
* * * LOW HITPOINT WARNING * * *
The kobold closely misses you. The endoplasm freezes you.
You are frozen.
You die...

### ######## .. ......
....... #.
#.##...##..... #. #.#
#........
#.####.#######....# #
#....#.##.......... ...
#....#.##..........
.....#....#.##..........
.......@†...............
.....#KKJ...##..........
... #................~.
. #.....###.......~~~
#.....# ##.##....~.
#...... ...##......
#.........###......
#......... #.#....
#......


You could see an endoplasm and 2 kobolds.

Vanquished Creatures
  2 quokkas (D:1)
2 creatures vanquished.

Notes
Turn   | Place    | Note
-------+----------+-------------------------------------------
     0 | D:1      | sircluck the Human Berserker began the quest for the Orb.
     0 | D:1      | Reached XP level 1. HP: 18/18 MP: 1/1
    86 | D:1      | Frozen to death by an endoplasm

Illustrated notes

Levels and vault maps discovered:
D:1:      minmay_arrival_five_plusses, layout_rooms, kennysheep_boxes

Action                     || total
---------------------------++-------
  Melee: Falchion          ||    10
 Armour: Animal skin       ||     3
  Dodge: Dodged            ||     8

Table legend: (Time is in decaauts)
 A = Elapsed time spent in this place.
 B = Non-inter-level travel time spent in this place.
 C = Inter-level travel time spent in this place.
 D = Time resting spent in this place.
 E = Time spent auto-exploring this place.
 F = Levels seen in this place.
 G = Mean time per level.
                   A        B        C        D        E       F      G
               +--------+--------+--------+--------+--------+-----+--------+
         Total |     90 |     90 |      0 |      0 |      0 |   1 |   90.0 |
       Dungeon |     90 |     90 |      0 |      0 |      0 |   1 |   90.0 |
               +--------+--------+--------+--------+--------+-----+--------+

Top non-repeatable levels by time:
     D:1: 90 daAuts
